 Dungeon Crawl Stone Soup version 0.30-a0-672-gc3a7216ad8 (webtiles) character file.

Game seed: 285246188798940417

124 benadryl the Grasshopper (level 5, -2/54 HPs)
             Began as a Barachi Warper on Jan 18, 2023.
             Was a Follower of Hepliaklqana.
             Succumbed to a scorpion's poison
             ... on level 3 of the Dungeon.
             The game lasted 00:10:23 (4734 turns).

benadryl the Grasshopper (Barachi Warper)           Turns: 4734, Time: 00:10:23

Health: -2/54      AC:  2    Str: 13    XL:     5   Next: 8%
Magic:  8/8        EV: 12    Int: 15    God:    Hepliaklqana [*.....]
Gold:   153        SH:  0    Dex: 11    Spells: 8/8 levels left

rFire   . . .      SeeInvis .    m - +0 whip
rCold   . . .      Faith    .    (no shield)
rNeg    . . .      Spirit   .    c - +0 robe
rPois   .          Reflect  .    (no helmet)
rElec   .          Harm     .    (no cloak)
rCorr   .          Rampage  .    (no gloves)
Will    .....                    (no boots) Stlth
                                 (no amulet)
HPRegen 0.29/turn                (no ring)
MPRegen 0.11/turn                (no ring)

@: mighty, berserking, lethally poisoned (-2 -> -13), unable to hop, very quick
A: reduced essence, amphibious, slowness 1, strong legs 1, +LOS
a: Hop, Renounce Religion, Recall Ancestor, Ancestor Identity


You were on level 3 of the Dungeon.
You worshipped Hepliaklqana.
Hepliaklqana was aware of your devotion.
You visited 1 branch of the dungeon, and saw 4 of its levels.

You collected 153 gold pieces.

Inventory:

Hand Weapons
 a - a +0 mace
 m - a +0 whip (weapon)
Missiles
 l - 5 datura-tipped darts (quivered)
Armour
 c - a +0 robe (worn)
 e - a +2 leather armour of cold resistance
Scrolls
 b - a scroll of fear {unknown}
 h - 2 scrolls of teleportation
 i - a scroll of butterflies
 p - a scroll of fog {unknown}
Potions
 f - 2 potions of attraction
 k - a potion of heal wounds {unknown}


   Skills:
 + Level 2.9 Fighting
 - Level 2.1 Maces & Flails
 - Level 1.0 Throwing
 - Level 1.2 Armour
 - Level 2.1 Dodging
 - Level 2.1 Spellcasting
 * Level 6.0 Translocations


You had 8 spell levels left.
You didn't know any spells.
Your spell library contained the following spells:

 Spells                   Type           Power      Damage    Failure   Level
 Blink                    Tloc           38%        N/A       2%          2
 Lesser Beckoning         Tloc           38%        N/A       2%          2
 Teleport Other           Tloc           19%        N/A       5%          3
 Portal Projectile        Hex/Tloc       20%        N/A       19%         3
 Vhi's Electric Charge    Tloc/Air       20%        N/A       19%         3
 Manifold Assault         Tloc           19%        N/A       19%         4
 Tukima's Dance           Hex            1%         N/A       54%         3
 Animate Armour           Summ/Erth      2%         N/A       91%         4
 Petrify                  Tmut/Erth      1%         N/A       91%         4
 Blade Hands              Tmut           0%         N/A       99%         5
 Statue Form              Tmut/Erth      0%         N/A       100%        6


Dungeon Overview and Level Annotations

Branches:
Dungeon (4/15)
 Temple: D:4-7

Altars:
Ashenzari
Hepliaklqana
Xom
Yredelemnul

Shops:
D:2 :


Innate Abilities, Weirdness & Mutations

Your life essence is reduced to manifest your ancestor. (-10% HP)
You are amphibious.
You cover ground slowly.
You can hop short distances.
You have an extended range of vision and can be seen from far away.


Message History

Hop to where?
Press: ? - help, Dir - move target, p - orc priest A scorpion comes into view.
Boing!
The scorpion misses you.
You climb upwards.
Reactivating autopickup.
There is a stone staircase leading down here.
A scorpion is nearby!
A scorpion is nearby!
You hit the scorpion.
The scorpion is lightly wounded.
The scorpion stings you.
* * * LOW HITPOINT WARNING * * *
Throw: boomerang (disperse)
Press: ? - help, Q - select action, (/) - cycle Shift-Dir - straight line, f - scorpion
Aim: a scorpion (lightly wounded, 56% to hit)
You throw a boomerang of dispersal.
The boomerang of dispersal hits the scorpion.
The scorpion blinks!
The scorpion is moderately wounded.
Okay, then.
It was a potion of might.
You feel very mighty all of a sudden.
A red film seems to cover your vision as you go berserk!
You feel yourself moving faster!
You feel mighty!
You whack the scorpion!
The scorpion is almost dead.
The scorpion stings you.
* * * LOW HITPOINT WARNING * * *
You barely miss the scorpion.
The scorpion is almost dead.
The scorpion stings you.
* * * LOW HITPOINT WARNING * * *
You are lethally poisoned!
The scorpion poisons you!
You are too berserk!
You hit the scorpion.
You kill the scorpion!
You die...

####.#### ##.....
####.##.## ##......
#........####.......
#.##........'.......
#.##.#...####.......
#.##.....# ##......
#.#####..# ##.....
#.#####..# ##...#
#..@†....# ##+##
########.# #.#
####.##### #.#
#........####.##
#.##.###.......#
#>##.# #.##.....
#.##.# #.#......
#.##.###.#.#..##
#.##.......#.##


There were no monsters in sight!

Vanquished Creatures
  A scorpion (D:3)
  3 adders
  3 worms (D:2)
  A dart slug (D:2)
  3 orcs
  2 endoplasms
  A giant cockroach (D:1)
  2 goblins (D:2)
  4 hobgoblins (D:1)
  6 jackals (D:1)
  A quokka (D:1)
  7 ball pythons
  3 bats
  2 frilled lizards
  2 kobolds
  9 rats
50 creatures vanquished.

Vanquished Creatures (collateral kills)
  An orc wizard (D:4)
  A worm (D:2)
  3 orcs (D:3)
  A hobgoblin (D:3)
  A goblin (D:2)
7 creatures vanquished.

Vanquished Creatures (others)
  An ancestor (D:4)
  A fungus (D:1)
  3 plants (D:1)
5 creatures vanquished.

Grand Total: 62 creatures vanquished

Notes
Turn   | Place    | Note
-------+----------+-------------------------------------------
     0 | D:1      | benadryl the Barachi Warper began the quest for the Orb.
     0 | D:1      | Reached XP level 1. HP: 17/17 MP: 3/3
   216 | D:1      | Reached XP level 2. HP: 21/23 MP: 5/5
   222 | D:1      | Reached skill level 4 in Translocations
   237 | D:1      | Found a faded altar of an unknown god.
   636 | D:1      | Reached XP level 3. HP: 28/28 MP: 6/6
  1374 | D:2      | Reached skill level 5 in Translocations
  2004 | D:2      | Got Petot's Annotations on the Mantle
  2389 | D:2      | Found a shimmering altar of Xom.
  2403 | D:2      | Reached XP level 4. HP: 20/34 MP: 7/7
  2605 | D:2      | Found Naskar's Book Shop.
  2926 | D:3      | HP: 1/34 [orc/+2 heavy flail (19)]
  3619 | D:3      | Found a hazy altar of Hepliaklqana.
  3627 | D:3      | Became a worshipper of Hepliaklqana the Forgotten
  3632 | D:3      | Found a broken altar of Ashenzari.
  3636 | D:3      | Found a basalt altar of Yredelemnul.
  4424 | D:4      | Reached * piety under Hepliaklqana
  4696 | D:4      | Reached skill level 6 in Translocations
  4696 | D:4      | Reached XP level 5. HP: 28/36 MP: 8/8
  4733 | D:3      | HP: 1/54 [scorpion (6)]
  4734 | D:3      | Succumbed to a scorpion's poison

Illustrated notes

Levels and vault maps discovered:
D:1:      dpeg_arrival_ratfight, layout_basic,
          shapermc_ecumenical_altar_mp_urbaneastern
D:2:      layout_rooms, basic_altar, serial_shops, shop, nicolae_wormholes
D:3:      layout_loops_corners, minmay_overflow_temple_star_quad,
          minmay_statues_item
D:4:      layout_basic, chequers_serial_rivers_large_b, minmay_misc_feat_cross

Skill      XL: |  1  2  3  4 |
---------------+-------------+-----
Translocations | 4 5 6 |  6.0
Fighting       | |  2.9
Maces & Flails | |  2.1
Throwing       | |  1.0
Armour         | |  1.2
Dodging        | |  2.1
Spellcasting   | |  2.1

Action                   |  1- 3 |  4- 6 || total
-------------------------+-------+-------++-------
Melee: Mace              |    94 |       ||    94
       Whip              |    51 |    83 ||   134
Throw: Boomerang         |     5 |     2 ||     7
       Dart              |     3 |     1 ||     4
 Abil: Hop               |     2 |     2 ||     4
  Use: Scroll            |     4 |     3 ||     7
       Potion            |     3 |     2 ||     5
 Stab: Sleeping          |     2 |     1 ||     3
Armor: Leather armour    |    43 |       ||    43
       Robe              |     1 |     8 ||     9
Dodge: Dodged            |   104 |    40 ||   144

Table legend: (Time is in decaauts)
 A = Elapsed time spent in this place.
 B = Non-inter-level travel time spent in this place.
 C = Inter-level travel time spent in this place.
 D = Time resting spent in this place.
 E = Time spent auto-exploring this place.
 F = Levels seen in this place.
 G = Mean time per level.
                   A        B        C        D        E       F      G
               +--------+--------+--------+--------+--------+-----+--------+
         Total |   5188 |   4959 |    229 |   2051 |   2173 |   4 | 1297.0 |
       Dungeon |   5188 |   4959 |    229 |   2051 |   2173 |   4 | 1297.0 |
               +--------+--------+--------+--------+--------+-----+--------+

Top non-repeatable levels by time:
     D:1: 1735 daAuts
     D:2: 1608 daAuts
     D:3: 1411 daAuts
     D:4: 433 daAuts
